 Dungeon Crawl Stone Soup version 0.22.1-1-ga44c0e5 (webtiles) character file.

99 rabbit the Magician (level 4, 32/32 HPs)
             Began as a Gnoll Wizard on Oct 16, 2018.
             Quit the game on level 1 of the Dungeon.
             The game lasted 00:06:05 (2302 turns).

rabbit the Magician (Gnoll Wizard)                  Turns: 2302, Time: 00:06:06

Health: 32/32      AC:  3    Str: 10    XL:     4   Next: 72%
Magic:  13/13      EV: 14    Int: 21    God:
Gold:   71         SH:  0    Dex: 13    Spells: 8/17 levels left

rFire    . . .     SeeInvis .   r - -2 short sword (curse)
rCold    . . .     Gourm    .   (no shield)
rNeg     . . .     Faith    .   c - +0 robe
rPois    .         Spirit   .   b - +1 hat
rElec    .         Reflect  .   (no cloak)
rCorr    .         Harm     .   (no gloves)
MR       .....                  (no boots)
Stlth    +++.......             (no amulet)
HPRegen  0.10/turn              (no ring)
MPRegen  0.13/turn              (no ring)

@: no status effects
A: distributed training, fangs 1, strong nose
a: no special abilities


You were on level 1 of the Dungeon.
You were not hungry.

You visited 1 branch of the dungeon, and saw 2 of its levels.

You collected 71 gold pieces.

Inventory:

Hand Weapons
 a - a +0 dagger
 r - a cursed -2 short sword (weapon)
Missiles
 k - 24 sling bullets
 q - 23 stones (quivered)
Armour
 b - a +1 hat (worn)
 c - a +0 robe (worn)
Potions
 h - a potion of degeneration
 i - a potion of heal wounds {unknown}
 j - a potion of haste {unknown}
 m - a potion of brilliance {unknown}
 o - a potion of invisibility {unknown}
Comestibles
 d - a ration


   Skills:
 + Level 1.2 Fighting
 + Level 1.2 Short Blades
 + Level 1.2 Long Blades
 + Level 1.2 Axes
 + Level 1.2 Maces & Flails
 + Level 1.2 Polearms
 + Level 1.2 Staves
 + Level 1.2 Slings
 + Level 1.2 Bows
 + Level 1.2 Crossbows
 + Level 1.2 Throwing
 + Level 1.2 Armour
 + Level 4.6 Dodging
 + Level 4.3 Stealth
 + Level 1.2 Shields
 + Level 1.2 Unarmed Combat
 + Level 7.2 Spellcasting
 + Level 2.2 Conjurations
 + Level 1.0 Hexes
 + Level 1.0 Charms
 + Level 2.2 Summonings
 + Level 1.0 Necromancy
 + Level 2.2 Translocations
 + Level 1.0 Transmutations
 + Level 1.0 Fire Magic
 + Level 1.0 Ice Magic
 + Level 1.0 Air Magic
 + Level 1.0 Earth Magic
 + Level 1.0 Poison Magic
 + Level 1.3 Invocations
 + Level 1.2 Evocations


You had 8 spell levels left.
You knew the following spells:

 Your Spells              Type           Power        Failure   Level  Hunger
a - Magic Dart            Conj           ###.         3%          1    None
b - Blink                 Tloc           N/A          4%          2    None
d - Conjure Flame         Conj/Fire      ##......     13%         3    None
e - Mephitic Cloud        Conj/Pois/Air  ##......     14%         3    None

Your spell library contained the following spells:

 Spells                   Type           Power        Failure   Level  Hunger
 Call Imp                 Summ           ###.....     4%          2    None
 Slow                     Hex            ##......     9%          2    None


Dungeon Overview and Level Annotations

Branches:
Dungeon (2/15)

Altars:


Innate Abilities, Weirdness & Mutations

Your experience applies equally to all skills.
You have very sharp teeth.
Your uncanny sense of smell can sniff out nearby items.


Message History

Press: ? - help, Shift-Dir - straight line, f/p - hobgoblin
Aim: a hobgoblin The magic dart hits the hobgoblin.
The hobgoblin is severely wounded.
Casting: Magic Dart (safe; 3% risk of failure)
Confirm with . or Enter, or press ? or * to list all spells.
Aiming: Magic Dart (safe; 3% risk of failure)
Press: ? - help, Shift-Dir - straight line, f/p - hobgoblin
Aim: a hobgoblin (severely wounded)
The magic dart hits the hobgoblin.
You kill the hobgoblin!
Your magical contamination has completely faded away.
There is an open door here.
You open the door.
There is an open door here.
Done exploring.
Done exploring.
Done exploring.
Done exploring.
Are you sure you want to abandon this character and quit the game? (Confirm

#......# ############.####.#
#......#.......##.#
#........###.#.##.#
########...............#.#
#...............###.#..#.#
#.######......#.# #......###
#.# ######.#.####.......# #.#
#.#.@......###.# #.#
##'######.#.###.# #.# ##...##
#.#.....# #.### ##.....##
#.####..# #.#.##
##.......###.##.#..#
#....####.........##.#.....#
........'.......).'........##
#.....###.........##........#
##..######.......###.##.#.#.#


There were no monsters in sight!

Vanquished Creatures
  4 adders (D:2)
  An ooze (D:2)
  A dart slug (D:2)
  3 leopard geckos
  2 giant cockroaches
  6 goblins
  10 hobgoblins
  3 jackals (D:2)
  6 kobolds
  2 ball pythons (D:2)
  7 bats
  3 frilled lizards
  5 rats
53 creatures vanquished.

Notes
Turn   | Place    | Note
-------+----------+-------------------------------------------
     0 | D:1      | rabbit the Gnoll Wizard began the quest for the Orb.
     0 | D:1      | Reached XP level 1. HP: 13/13 MP: 8/8
   530 | D:1      | Reached XP level 2. HP: 17/19 MP: 2/10
   616 | D:1      | Learned a level 2 spell: Blink
   619 | D:1      | Learned a level 2 spell: Call Imp
   981 | D:1      | Reached XP level 3. HP: 25/25 MP: 8/11
  1238 | D:2      | Reached skill level 1 in Invocations
  1502 | D:2      | Reached skill level 1 in Fighting
  1502 | D:2      | Reached skill level 1 in Short Blades
  1502 | D:2      | Reached skill level 1 in Long Blades
  1502 | D:2      | Reached skill level 1 in Axes
  1502 | D:2      | Reached skill level 1 in Maces & Flails
  1502 | D:2      | Reached skill level 1 in Polearms
  1502 | D:2      | Reached skill level 1 in Staves
  1502 | D:2      | Reached skill level 1 in Slings
  1502 | D:2      | Reached skill level 1 in Bows
  1502 | D:2      | Reached skill level 1 in Crossbows
  1502 | D:2      | Reached skill level 1 in Throwing
  1502 | D:2      | Reached skill level 1 in Armour
  1502 | D:2      | Reached skill level 1 in Shields
  1502 | D:2      | Reached skill level 1 in Unarmed Combat
  1502 | D:2      | Reached skill level 1 in Evocations
  1506 | D:2      | Found a faded altar of an unknown god.
  1517 | D:2      | Learned a level 3 spell: Conjure Flame
  1521 | D:2      | Learned a level 3 spell: Mephitic Cloud
  1553 | D:2      | Reached XP level 4. HP: 32/32 MP: 5/13
  1925 | D:2      | Reached skill level 1 in Hexes
  1925 | D:2      | Reached skill level 1 in Charms
  1925 | D:2      | Reached skill level 1 in Necromancy
  1925 | D:2      | Reached skill level 1 in Transmutations
  1925 | D:2      | Reached skill level 1 in Fire Magic
  1925 | D:2      | Reached skill level 1 in Ice Magic
  1925 | D:2      | Reached skill level 1 in Air Magic
  1925 | D:2      | Reached skill level 1 in Earth Magic
  1925 | D:2      | Reached skill level 1 in Poison Magic
  2302 | D:1      | Quit the game

Skill      XL: |  1  2  3  4 |
---------------+-------------+-----
Conjurations   | 2 |  2.2
Summonings     | 2 |  2.2
Translocations | 2 |  2.2
Invocations    | 1 |  1.3
Fighting       | 1 |  1.2
Short Blades   | 1 |  1.2
Long Blades    | 1 |  1.2
Axes           | 1 |  1.2
Maces & Flails | 1 |  1.2
Polearms       | 1 |  1.2
Staves         | 1 |  1.2
Slings         | 1 |  1.2
Bows           | 1 |  1.2
Crossbows      | 1 |  1.2
Throwing       | 1 |  1.2
Armour         | 1 |  1.2
Shields        | 1 |  1.2
Unarmed Combat | 1 |  1.2
Evocations     | 1 |  1.2
Hexes          | 1 |  1.0
Charms         | 1 |  1.0
Necromancy     | 1 |  1.0
Transmutations | 1 |  1.0
Fire Magic     | 1 |  1.0
Ice Magic      | 1 |  1.0
Air Magic      | 1 |  1.0
Earth Magic    | 1 |  1.0
Poison Magic   | 1 |  1.0
Dodging        | |  4.6
Stealth        | |  4.3
Spellcasting   | |  7.2

Action                   |  1- 3 |  4- 6 || total
-------------------------+-------+-------++-------
Melee: Dagger            |    11 |     3 ||    14
       Bite              |     4 |       ||     4
 Cast: Magic Dart        |    80 |    43 ||   123
       Mephitic Cloud    |     1 |       ||     1
  Use: Scroll            |       |     6 ||     6
  Eat: Chunk             |     2 |     2 ||     4
Armor: Robe              |     1 |       ||     1
Dodge: Dodged            |    11 |     2 ||    13
